 Dungeon Crawl Stone Soup version 0.29-a0-317-gd16b76e6b1 (webtiles) character file.

Game seed: 11222769519675841471

535 Murumi the Skirmisher (level 7, -10/56 HPs)
             Began as a Formicid Abyssal Knight on Mar 30, 2022.
             Was a Priest of Lugonu.
             Mangled by an ogre
             ... wielding a +0 giant club
              (11 damage)
             ... on level 4 of the Dungeon.
             The game lasted 00:07:04 (3296 turns).

Murumi the Skirmisher (Formicid Abyssal Knight)     Turns: 3296, Time: 00:07:05

Health: -10/56     AC: 12    Str: 20    XL:     7   Next: 50%
Magic:  9/9        EV:  6    Int:  9    God:    Lugonu [***...]
Gold:   157        SH:  0    Dex: 11    Spells: 6/6 levels left

rFire   . . .      SeeInvis +   l - +0 scythe
rCold   + . .      Faith    .   (no shield)
rNeg    . . .      Spirit   .   b - +0 plate armour
rPois   .          Reflect  .   (helmet unavailable)
rElec   .          Harm     .   (no cloak)
rCorr   .          Rampage  .   (no gloves)
Will    .....                   (no boots)
Stlth   ..........              (no amulet)
HPRegen 0.18/turn               e - ring of protection from cold
MPRegen 0.11/turn               (no ring)

@: no status effects
A: permanent stasis, dig shafts and tunnels, antennae 3, four strong arms
a: Dig, Shaft Self, Renounce Religion, Depart the Abyss, Bend Space, Banish


You were on level 4 of the Dungeon.
You worshipped Lugonu.
Lugonu was most pleased with you.
You visited 1 branch of the dungeon, and saw 4 of its levels.
You visited the Abyss 1 time.

You collected 157 gold pieces.

Inventory:

Hand Weapons
 l - a +0 scythe (weapon)
Armour
 b - a +0 plate armour (worn)
Jewellery
 e - a ring of protection from cold (left hand)
Wands
 j - a wand of flame (24)
Scrolls
 i - a scroll of magic mapping
Potions
 a - 3 potions of curing {unknown}
 c - a potion of ambrosia
 d - a potion of lignification
 f - a potion of brilliance
 g - a potion of berserk rage {unknown}
 h - a potion of mutation {unknown}
 k - a potion of flight {unknown}


   Skills:
 - Level 5.0 Fighting
 - Level 4.0 Polearms
 - Level 5.0 Armour
 + Level 1.0 Dodging
 - Level 3.0 Stealth
 - Level 3.0 Invocations
 - Level 2.0 Evocations


You had 6 spell levels left.
You didn't know any spells.
Your spell library was empty.

Dungeon Overview and Level Annotations

Branches:
Dungeon (4/15)
 Temple: D:4-7

Altars:
The Shining One

Shops:
D:1 =


Innate Abilities, Weirdness & Mutations

You cannot be hasted, slowed, berserked, paralysed or teleported.
You can dig through walls and to a lower floor.
You have a pair of large antennae on your head. (SInv)
Your four strong arms can wield two-handed weapons with a shield.


Message History

You need to enable at least one skill for training.
Found a scroll of teleportation.
A hobgoblin comes into view.
The hobgoblin shouts!
A hobgoblin is nearby!
You reach to attack!
You closely miss the hobgoblin.
The hobgoblin hits you but does no damage.
You barely miss the hobgoblin.
The hobgoblin hits you but does no damage. x2
You slash the hobgoblin!
You kill the hobgoblin!
Lugonu accepts your kill.
a - 3 grey potions (gained 2)
Found a mace.
An ogre comes into view. It is wielding a +0 giant club.
The ogre shouts!
You reach to attack!
You slash the ogre!
The ogre is heavily wounded.
The ogre hits you with a +0 giant club!
You slash the ogre!
The ogre is severely wounded.
The ogre hits you with a +0 giant club!
You completely miss the ogre.
The ogre is severely wounded.
The ogre hits you with a +0 giant club!
You hit the ogre.
The ogre is severely wounded.
The ogre hits you with a +0 giant club!!
Ouch! That really hurt!
* * * LOW HITPOINT WARNING * * *
The ogre closely misses you.
Okay, then.
Press: ? - help, Shift-Dir - straight line, f/p - ogre
Aim: an ogre, wielding a +0 giant club (severely wounded, chance to affect: 81%)
You fail to use your ability.
Unknown command.
Press: ? - help, Shift-Dir - straight line, f/p - ogre
Aim: an ogre, wielding a +0 giant club (severely wounded, chance to affect: 81%)
You fail to use your ability.
The ogre hits you with a +0 giant club!
You die...

.?#............#......##
..#......##....#........
.........##....#......##
.........##....#......##
#.....#.....#........
#...........#........
#..........##........
####.#............#..
#@##...........###
#O.#...........
...#........... #.
................ #.
.....)#+##..... #.
........ ... ..........
.... ...####..... ....
...


You could see an ogre.

Vanquished Creatures
  Sigmund (D:4)
  An ice beast (D:3)
  A phantom (D:4)
  2 bullfrogs
  2 adders
  3 worms (D:2)
  2 dart slugs
  6 endoplasms
  3 giant cockroaches
  7 goblins
  3 hobgoblins
  2 quokkas
  2 ball pythons
  3 bats
  2 frilled lizards (D:1)
  4 kobolds
  3 rats
47 creatures vanquished.

Notes
Turn   | Place    | Note
-------+----------+-------------------------------------------
     0 | Abyss:1  | Murumi the Formicid Abyssal Knight began the quest for the
                  | Orb.
     0 | Abyss:1  | Reached XP level 1. HP: 18/18 MP: 2/2
     0 | Abyss:1  | Found a corrupted altar of Lugonu.
    16 | D:1      | Escaped the Abyss
    30 | D:1      | Reached skill level 1 in Dodging
   266 | D:1      | Reached XP level 2. HP: 25/25 MP: 3/3
   432 | D:1      | Found a faded altar of an unknown god.
   480 | D:1      | Found Qiadgho's Jewellery Emporium.
   691 | D:2      | Reached XP level 3. HP: 29/30 MP: 4/4
   845 | D:2      | Identified the +5 scale mail of Lies {rN++ Will- rCorr}
  1815 | D:2      | Reached skill level 1 in Stealth
  1844 | D:2      | Reached XP level 4. HP: 37/37 MP: 6/6
  2203 | D:3      | Reached *** piety under Lugonu
  2406 | D:3      | Noticed an ice beast
  2425 | D:3      | Killed an ice beast
  2426 | D:3      | Reached XP level 5. HP: 20/42 MP: 7/7
  2654 | D:3      | Noticed a bullfrog
  2663 | D:3      | Killed a bullfrog
  2664 | D:3      | Reached skill level 1 in Evocations
  2664 | D:3      | Reached XP level 6. HP: 44/48 MP: 8/8
  2699 | D:3      | Found a glowing golden altar of the Shining One.
  3012 | D:4      | Noticed Sigmund
  3026 | D:4      | Killed Sigmund
  3027 | D:4      | Reached XP level 7. HP: 54/55 MP: 9/9
  3108 | D:4      | Reached skill level 5 in Fighting
  3222 | D:4      | Reached skill level 5 in Armour
  3294 | D:4      | HP: 1/56 [ogre/+0 giant club (30)]
  3296 | D:4      | Mangled by an ogre

Illustrated notes

Levels and vault maps discovered:
D:1:      grunt_arrival_crossed_arrows, layout_basic,
          hellmonk_ecumenical_altar_slurped_away, serial_shops,
          nicolae_shop_hallway_stairs
D:2:      layout_loops_corners, serial_co_window_serial,
          co_window_of_opportunity_a, co_window_paths_a, co_window_corner_a,
          co_window_corner_a, co_window_paths_a, co_window_paths_a,
          co_window_cross_1, co_window_broadway_a, co_window_of_opportunity_c,
          co_window_2corner, co_window_broadway_b, co_window_unsneaky_path_b,
          nicolae_concentric_dashed_squares_wild
D:3:      layout_loops_ring, mainiacjoe_overflow_alcove_4,
          kennysheep_generic_room_6
D:4:      layout_basic, uniq_sigmund, uniq_robin

Skill      XL: |  1  2  3  4  5  6  7 |
---------------+----------------------+-----
Dodging        | 1 |  1.0
Fighting       | 4 5 |  5.0
Armour         | 3 4 5 |  5.0
Invocations    | 3 |  3.0
Stealth        | 1 2 3 |  3.0
Polearms       | 3 4 |  4.0
Evocations     | 1 2 |  2.0

Action                   |  1- 3 |  4- 6 |  7- 9 || total
-------------------------+-------+-------+-------++-------
Melee: Spear             |    94 |    69 |       ||   163
       Punch             |     2 |     1 |       ||     3
       Scythe            |       |       |    24 ||    24
  Use: Scroll            |     4 |     4 |     1 ||     9
Armor: Leather armour    |     3 |       |       ||     3
       Chain mail        |    18 |       |       ||    18
       Plate armour      |     6 |    35 |    17 ||    58
Dodge: Dodged            |    12 |    14 |     8 ||    34

Table legend: (Time is in decaauts)
 A = Elapsed time spent in this place.
 B = Non-inter-level travel time spent in this place.
 C = Inter-level travel time spent in this place.
 D = Time resting spent in this place.
 E = Time spent auto-exploring this place.
 F = Levels seen in this place.
 G = Mean time per level.
                   A        B        C        D        E       F      G
               +--------+--------+--------+--------+--------+-----+--------+
         Total |   3317 |   2960 |    357 |      0 |   2462 |   5 |  663.4 |
       Dungeon |   3301 |   2944 |    357 |      0 |   2453 |   4 |  825.2 |
         Abyss |     16 |     16 |      0 |      0 |      9 |   1 |   16.0 |
               +--------+--------+--------+--------+--------+-----+--------+

Top non-repeatable levels by time:
     D:2: 1335 daAuts
     D:3: 912 daAuts
     D:1: 746 daAuts
     D:4: 306 daAuts
 Abyss:1: 16 daAuts
